 Dungeon Crawl Stone Soup version 0.25-a0-842-g81a31cfd23 (webtiles) character file.

Game seed: 8003765849621692904, levelgen mode: deterministic

105 Conn the Conjurer (level 4, 0/27 HPs)
             Began as an Octopode Conjurer on Apr 23, 2020.
             Slain by a kobold (4 damage)
             ... on level 3 of the Dungeon.
             The game lasted 00:05:48 (2471 turns).

Conn the Conjurer (Octopode Conjurer)               Turns: 2471, Time: 00:05:48

Health: 0/27       AC:  1    Str:  7    XL:     4   Next: 83%
Magic:  0/7        EV: 14    Int: 18    God:
Gold:   144        SH:  0    Dex: 12    Spells: 1/7 levels left

rFire    . . .     SeeInvis .   c - +3 mace
rCold    . . .     Gourm    .   (no shield)
rNeg     . . .     Faith    .   (helmet restricted)
rPois    .         Spirit   .   (no amulet)
rElec    .         Reflect  .   (no ring)
rCorr    .         Harm     .   (no ring)
MR       .....                  (no ring)
Stlth    +++.......             (no ring)
HPRegen  0.09/turn              (no ring)
MPRegen  0.10/turn              (no ring)
                                (no ring)
                                (no ring)

@: no status effects
A: almost no armour, stealthy swim, amphibious, 8 rings, constrict 8, camouflage
1, gelatinous body 1
a: no special abilities


You were on level 3 of the Dungeon.
You were hungry.

You visited 1 branch of the dungeon, and saw 3 of its levels.

You collected 144 gold pieces.

Inventory:

Hand Weapons
 c - a +3 mace (weapon)
 k - a +0 short sword
Missiles
 h - 29 sling bullets
Armour
 l - a +0 kite shield
Jewellery
 q - an uncursed ring of protection from cold {unknown}
Scrolls
 a - 6 scrolls of identify {unknown}
 f - a scroll of blinking {unknown}
 i - 3 scrolls of teleportation {unknown}
 p - a scroll of remove curse {unknown}
Potions
 d - a potion of stabbing {unknown}
 e - 2 potions of curing {unknown}
 g - a potion of might {unknown}
 j - a potion of heal wounds {unknown}
 m - a potion of invisibility {unknown}
 n - a potion of magic {unknown}
 r - a potion of brilliance {unknown}
Comestibles
 b - 5 rations


   Skills:
 + Level 0.3 Fighting
 + Level 0.8 Maces & Flails
 + Level 2.7 Dodging
 + Level 3.6 Stealth
 + Level 2.4 Spellcasting
 + Level 4.8 Conjurations


You had one spell level left.
You knew the following spells:

 Your Spells              Type           Power        Failure   Level  Hunger
a - Magic Dart            Conj           ###.         2%          1    #......
b - Searing Ray           Conj           ###...       3%          2    ##.....
c - Dazzling Flash        Conj/Hex       ##....       19%         3    ###....

Your spell library contained the following spells:

 Spells                   Type           Power        Failure   Level  Hunger
 Fulminant Prism          Conj/Hex       ##........   54%         4    #####..
 Iskenderun's Mystic Bla  Conj/Tloc      ##......     54%         4    #####..


Dungeon Overview and Level Annotations

Branches:
Dungeon (3/15)

Altars:
Yredelemnul


Innate Abilities, Weirdness & Mutations

You cannot wear most types of armour.
You are very stealthy in the water. (Stealth+)
You are amphibious.
You can wear up to eight rings at the same time.
You can use your tentacles to constrict eight enemies at once.
Your skin changes colour to match your surroundings (Stealth+).
Your rubbery body absorbs attacks. (AC +1, EV +1)


Message History

Press: ? - help, Shift-Dir - straight line, f - orc
Aim: an orc, wielding a +0 mace (severely wounded)
The magic dart hits the orc.
You kill the orc!
Found 13 gold pieces.
The walls and floor vibrate strangely for a moment.
There is an escape hatch in the ceiling here.
You barely miss the kobold. Your grab misses the kobold. The kobold hits you.
* * * LOW HITPOINT WARNING * * *
The kobold hits you but does no damage.
A frilled lizard comes into view.
Casting: Magic Dart (safe; 2% risk of failure)
Confirm with . or Enter, or press ? or * to list all spells.
Aiming: Magic Dart (safe; 2% risk of failure)
Press: ? - help, Shift-Dir - straight line, f - kobold
Aim: a kobold The magic dart hits the kobold.
The kobold is severely wounded.
The kobold hits you.
You die...

#############
##.....#.....##
##..(..........##
########......<........#
..........>....K@......#
[(######)..............#
#..####..........[.....#
##.K...................#
###(.##....%.........l#
#....###.............##
#..##.# ##.........$.##
..# #.## ######.######
## #..########.#


You could see a kobold and a frilled lizard (sleeping).

Vanquished Creatures
  An orc priest (D:3)
  2 adders
  3 dart slugs (D:1)
  6 orcs
  A giant cockroach (D:1)
  6 goblins
  5 hobgoblins
  4 jackals (D:1)
  5 kobolds
  A quokka (D:2)
  2 ball pythons
  5 bats
  3 frilled lizards
  6 rats
50 creatures vanquished.

Notes
Turn   | Place    | Note
-------+----------+-------------------------------------------
     0 | D:1      | Conn the Octopode Conjurer began the quest for the Orb.
     0 | D:1      | Reached XP level 1. HP: 11/11 MP: 3/3
   171 | D:1      | Reached XP level 2. HP: 17/17 MP: 3/5
   574 | D:1      | Reached XP level 3. HP: 18/21 MP: 4/6
  1194 | D:2      | Learned a level 2 spell: Searing Ray
  1198 | D:2      | Learned a level 3 spell: Dazzling Flash
  1832 | D:3      | Found a basalt altar of Yredelemnul.
  1835 | D:3      | Reached XP level 4. HP: 27/27 MP: 4/7
  2471 | D:3      | Slain by a kobold

Levels and vault maps discovered:
D:1:      mushboom_english_gardens, layout_loops_ring, minmay_pentomino_v2
D:2:      layout_loops_corners
D:3:      layout_rooms, overflow_temple_1_default, portal_sewer_entry_b

Skill      XL: |  1  2  3 |
---------------+----------+-----
Stealth        | 3 |  3.6
Fighting       | |  0.3
Maces & Flails | |  0.8
Dodging        | |  2.7
Spellcasting   | |  2.4
Conjurations   | |  4.8

Action                   |  1- 3 |  4- 6 || total
-------------------------+-------+-------++-------
Melee: Unarmed           |    34 |       ||    34
       Constrict         |    11 |     3 ||    14
       Tentacles         |     6 |     2 ||     8
       Mace              |    13 |     7 ||    20
 Cast: Magic Dart        |    47 |    19 ||    66
       Searing Ray       |     1 |     2 ||     3
 Stab: Sleeping          |     5 |     1 ||     6
  Eat: Chunk             |     3 |     2 ||     5
Armor: Skin              |     5 |     1 ||     6
Dodge: Dodged            |    30 |     9 ||    39

Table legend:
 A = Non-vault XP
 B = Vault XP
 C = Vault XP percentage of total XP
 D = Non-vault monster count
 E = Vault monster count
 F = Vault count percentage of total count
                 A         B        C        D         E       F
            +---------+---------+-------+---------+---------+-------
      Total |     148 |       3 |   2.0 |      48 |       2 |   4.0
            +---------+---------+-------+---------+---------+-------
        D:1 |      47 |       3 |   6.0 |      26 |       2 |   7.1
        D:2 |      35 |       0 |   0.0 |      13 |       0 |   0.0
        D:3 |      66 |       0 |   0.0 |       9 |       0 |   0.0
            +---------+---------+-------+---------+---------+-------
